Hurricanes vs Panthers

Created - March 8 2012 at 18:03

Goals
1 2 3 OT1 SO T
Hurricanes 3 0 2 0 1 6
Panthers 3 2 0 0 0 5
Shots
1 2 3 OT1 SO T
Hurricanes 13 10 10 8 3 41
Panthers 13 17 6 3 3 39

Period #1

1. Hurricanes , Patrik Elias 21 (Jarome Iginla, Mike Weber) at 0:10
2. Hurricanes , Jarome Iginla 45 (Mike Weber, Martin Brodeur) at 2:27 (PP)
3. Panthers , Daniel Alfredsson 14 (Patrik Berglund) at 7:54
4. Hurricanes , Joffrey Lupul 12 (Eric Staal) at 15:18
5. Panthers , Chris Drury 9 (Matt Cullen, Anton Volchenkov) at 15:43
6. Panthers , Brandon McMillan 5 (Jason Blake, Anton Volchenkov) at 17:18 (PP)

Penalties :
Anton Volchenkov (FLA) for Tripping (Minor) at 1:13, Patrik Berglund (FLA) for Hooking (Minor) at 4:19, Colby Armstrong (CAR) for Tripping (Minor) at 8:35, Ryan OByrne (FLA) for Hooking (Minor) at 11:27, Jan Hejda (CAR) for Tripping (Minor) at 16:29

Period #2

7. Panthers , Daniel Alfredsson 15 (Matt Cullen, Andrew Brunette) at 3:02 (PP)
8. Panthers , Sam Gagner 27 (Brandon McMillan, Dave Bolland) at 19:17

Penalties :
Patrick Eaves (CAR) for Tripping (Minor) at 1:06, Ryan Wilson (CAR) for Tripping (Minor) at 3:12, Jason Blake (FLA) for Cross-checking (Minor) at 9:41, Matt Cooke (CAR) for Hooking (Minor) at 9:41

Period #3

9. Hurricanes , Ryan Wilson 4 (Patrick Eaves, Pierre-Alexandre Parenteau) at 6:09 (PP)
10. Hurricanes , Patrick Eaves 12 (Mike Lundin, Matt Cooke) at 14:52

Penalties :
Dave Bolland (FLA) for Hooking (Minor) at 5:13, Ryan OByrne (FLA) for Roughing (Minor) at 7:02, Matt Cooke (CAR) for High sticking (Minor) at 17:58

Overtime #1

No Goal

Penalties :
No Penalty

Shootout

Penalty Shot by Jarome Iginla for Hurricanes - Goal!
Penalty Shot by Chris Drury for Panthers - Stopped by Martin Brodeur
Penalty Shot by Eric Staal for Hurricanes - Stopped by Semyon Varlamov
Penalty Shot by Jason Blake for Panthers - Stopped by Martin Brodeur
Penalty Shot by Patrik Elias for Hurricanes - Stopped by Semyon Varlamov
Penalty Shot by Brandon McMillan for Panthers - Stopped by Martin Brodeur

Penalties :
No Penalty

Goalie Stats

Martin Brodeur (CAR), 34 saves from 39 shots - (0.872), W, 19-23-6, 65:00 minutes
Semyon Varlamov (FLA), 36 saves from 41 shots - (0.878), OTL, 19-18-1, 65:00 minutes

Players Stats

Hurricanes
Player Name              G  A  P  +/- PIM S  H  SB FO    MP 
------------------------------------------------------------
Colby Armstrong          0  0  0  -1  2   2  0  0  1/2   16 
Darroll Powe             0  0  0   1  0   2  3  2  17/24 21 
Eric Staal               0  1  1  -1  0   4  1  0  20/32 24 
Jan Hejda                0  0  0  -1  2   2  0  0  0/0   21 
Jarome Iginla            1  1  2   0  0   11 1  0  7/10  24 
Joffrey Lupul            1  0  1  -1  0   3  0  0  0/1   14 
John Mitchell            0  0  0   0  0   0  0  0  0/0   0  
Johnny Oduya             0  0  0   0  0   1  0  1  0/0   21 
Matt Cooke               0  1  1   1  4   4  3  0  2/3   17 
Matt Greene              0  0  0   1  0   1  1  1  0/0   21 
Mike Lundin              0  1  1   1  0   0  0  0  0/0   21 
Mike Weber               0  2  2   0  0   1  3  1  0/0   25 
Patrick Eaves            1  1  2   1  2   3  1  0  0/0   17 
Patrik Elias             1  0  1   0  0   5  0  0  11/25 24 
Pierre-Alexandre Parente 0  1  1   0  0   1  3  1  0/5   21 
Ruslan Fedotenko         0  0  0   0  0   0  1  0  0/0   4  
Ryan Shannon             0  0  0   0  0   0  0  0  0/0   0  
Ryan Wilson              1  0  1  -1  2   1  3  1  0/0   18 
Panthers
Player Name              G  A  P  +/- PIM S  H  SB FO    MP 
------------------------------------------------------------
Andrew Brunette          0  1  1   1  0   2  3  0  1/5   21 
Andy Greene              0  0  0  -1  0   0  1  1  0/0   20 
Anton Volchenkov         0  2  2   0  2   2  5  2  0/0   23 
Brandon McMillan         1  1  2   1  0   5  1  1  2/4   15 
Chris Drury              1  0  1  -1  0   3  0  0  19/42 22 
Daniel Alfredsson        2  0  2   0  0   5  1  0  0/2   16 
Dave Bolland             0  1  1   1  2   5  1  2  7/17  18 
Jason Blake              0  1  1   0  2   2  1  0  1/3   15 
Jason Garrison           0  0  0   0  0   0  2  2  0/0   27 
John-Michael Liles       0  0  0   0  0   0  0  0  0/0   2  
Jonas Holos              0  0  0   0  0   0  0  1  0/0   25 
Lee Stempniak            0  0  0  -1  0   1  1  0  1/1   11 
Matt Cullen              0  2  2  -1  0   3  0  0  0/0   14 
Patrik Berglund          0  1  1   0  2   4  2  0  11/22 19 
Ryan OByrne              0  0  0   0  4   0  3  1  0/0   25 
Ryan Smyth               0  0  0   0  0   4  0  1  0/2   14 
Sam Gagner               1  0  1   1  0   3  0  0  1/3   17 
Sergei Shirokov          0  0  0   0  0   0  0  0  1/1   6  

3 Stars

1 - Daniel Alfredsson (FLA)
2 - Brandon McMillan (FLA)
3 - Jarome Iginla (CAR)

Power Play

Hurricanes - 2 on 5 Attempt(s) - 40.00%
Panthers - 2 on 5 Attempt(s) - 40.00%

Penalty Kill

Hurricanes - 3 on 5 Attempt(s) - 60.00% - Score 0 goal in Penalty Kill
Panthers - 3 on 5 Attempt(s) - 60.00% - Score 0 goal in Penalty Kill

Game Notes

Matt Greene is injured at 19:32 of 3rd period (Sprained Right Ankle)

Finance

Level 1 -- Attendance: 6000 (100.00%) -- Ticket Income $420,000.00
Level 2 -- Attendance: 4959 (99.18%) -- Ticket Income $148,770.00
Level 3 -- Attendance: 3500 (100.00%) -- Ticket Income $70,000.00
Level 4 -- Attendance: 3011 (80.29%) -- Ticket Income $30,110.00
Luxury Box -- Attendance: 945 (94.50%) -- Ticket Income $141,750.00
Game was played at the BankAtlantic Center
Total Attendance: 18415 (95.66%)
Total Ticket Income: $854,343.30
Other Income: $182,078.10
Total Income: $1,036,421.00


Play by Play

Period #1

0:01 of 1st period - Patrik Berglund wins face-off versus Patrik Elias in neutral zone.
0:10 of 1st period - Shot by Patrik Elias.
0:10 of 1st period - Goal by Patrik Elias - Hurricanes : 1 - Panthers : 0.
0:11 of 1st period - Darroll Powe wins face-off versus Sam Gagner in neutral zone.
1:13 of 1st period - Minor Penalty to Anton Volchenkov for Tripping.
1:14 of 1st period - Chris Drury wins face-off versus Eric Staal in Panthers zone.
1:23 of 1st period - Jason Garrison is hit by Pierre-Alexandre Parenteau and loses puck.
1:32 of 1st period - Andy Greene is hit by Pierre-Alexandre Parenteau and loses puck.
2:11 of 1st period - Shot by Jarome Iginla.
2:11 of 1st period - Shot Misses the Net.
2:27 of 1st period - Shot by Jarome Iginla.
2:27 of 1st period - Goal by Jarome Iginla - Hurricanes : 2 - Panthers : 0.
2:28 of 1st period - Colby Armstrong wins face-off versus Patrik Berglund in neutral zone.
2:31 of 1st period - Shot by Joffrey Lupul.
2:31 of 1st period - Shot Blocked by Anton Volchenkov.
2:43 of 1st period - Shot by Daniel Alfredsson.
2:43 of 1st period - Shot Misses the Net.
2:45 of 1st period - Shot by Jason Garrison.
2:45 of 1st period - Shot Misses the Net.
2:47 of 1st period - Shot by Anton Volchenkov.
2:47 of 1st period - Stopped by Martin Brodeur with a rebound.
2:51 of 1st period - Shot by Daniel Alfredsson.
2:51 of 1st period - Stopped by Martin Brodeur without a rebound.
2:52 of 1st period - Patrik Elias wins face-off versus Chris Drury in Hurricanes zone.
3:20 of 1st period - Shot by Patrik Elias.
3:20 of 1st period - Stopped by Semyon Varlamov without a rebound.
3:21 of 1st period - Darroll Powe wins face-off versus Patrik Berglund in Panthers zone.
3:51 of 1st period - Matt Greene is hit by Jason Garrison and loses puck.
3:59 of 1st period - Icing by Jason Garrison.
4:00 of 1st period - Patrik Berglund wins face-off versus Eric Staal in Panthers zone.
4:00 of 1st period - Patrik Berglund is hit by Eric Staal.
4:03 of 1st period - Icing by Jonas Holos.
4:04 of 1st period - Sergei Shirokov wins face-off versus Eric Staal in Panthers zone.
4:19 of 1st period - Minor Penalty to Patrik Berglund for Hooking.
4:20 of 1st period - Patrik Elias wins face-off versus Chris Drury in Panthers zone.
4:32 of 1st period - Icing by Matt Cooke.
4:33 of 1st period - Patrik Elias wins face-off versus Chris Drury in Hurricanes zone.
4:42 of 1st period - Shot by Jarome Iginla.
4:42 of 1st period - Stopped by Semyon Varlamov with a rebound.
4:44 of 1st period - Shot by Mike Weber.
4:44 of 1st period - Shot Blocked by Ryan OByrne.
4:46 of 1st period - Shot by Jarome Iginla.
4:46 of 1st period - Shot Misses the Net.
5:12 of 1st period - Off-side.
5:13 of 1st period - Chris Drury wins face-off versus Eric Staal in neutral zone.
5:25 of 1st period - Icing by Eric Staal.
5:26 of 1st period - Eric Staal wins face-off versus Chris Drury in Hurricanes zone.
6:25 of 1st period - Shot by Jarome Iginla.
6:25 of 1st period - Deflect By Patrik Elias.
6:25 of 1st period - Shot Misses the Net.
6:33 of 1st period - Shot by Patrik Berglund.
6:33 of 1st period - Stopped by Martin Brodeur without a rebound.
6:34 of 1st period - Dave Bolland wins face-off versus Patrik Elias in Hurricanes zone.
6:53 of 1st period - Shot by Sam Gagner.
6:53 of 1st period - Shot Misses the Net.
6:55 of 1st period - Shot by Dave Bolland.
6:55 of 1st period - Deflect By Sam Gagner.
6:55 of 1st period - Stopped by Martin Brodeur without a rebound.
6:56 of 1st period - Darroll Powe wins face-off versus Patrik Berglund in Hurricanes zone.
7:09 of 1st period - Shot by Daniel Alfredsson.
7:09 of 1st period - Shot Misses the Net.
7:13 of 1st period - Shot by Daniel Alfredsson.
7:13 of 1st period - Shot Misses the Net.
7:15 of 1st period - Shot by Anton Volchenkov.
7:15 of 1st period - Stopped by Martin Brodeur without a rebound.
7:16 of 1st period - Chris Drury wins face-off versus Patrik Elias in Hurricanes zone.
7:35 of 1st period - Shot by Jarome Iginla.
7:35 of 1st period - Shot Misses the Net.
7:38 of 1st period - Icing by Jonas Holos.
7:39 of 1st period - Eric Staal wins face-off versus Chris Drury in Panthers zone.
7:52 of 1st period - Icing by Jan Hejda.
7:53 of 1st period - Patrik Berglund wins face-off versus Eric Staal in Hurricanes zone.
7:54 of 1st period - Shot by Daniel Alfredsson.
7:54 of 1st period - Goal by Daniel Alfredsson - Hurricanes : 2 - Panthers : 1.
7:55 of 1st period - Darroll Powe wins face-off versus Patrik Berglund in neutral zone.
8:14 of 1st period - Shot by Patrick Eaves.
8:14 of 1st period - Shot Misses the Net.
8:18 of 1st period - Shot by Mike Lundin.
8:18 of 1st period - Shot Misses the Net.
8:20 of 1st period - Shot by Darroll Powe.
8:20 of 1st period - Stopped by Semyon Varlamov without a rebound.
8:21 of 1st period - Eric Staal wins face-off versus Dave Bolland in Panthers zone.
8:35 of 1st period - Minor Penalty to Colby Armstrong for Tripping.
8:36 of 1st period - Chris Drury wins face-off versus Eric Staal in Hurricanes zone.
9:10 of 1st period - Darroll Powe is hit by Brandon McMillan and loses puck.
9:32 of 1st period - Icing by Sam Gagner.
9:33 of 1st period - Eric Staal wins face-off versus Andrew Brunette in Panthers zone.
10:28 of 1st period - Shot by Brandon McMillan.
10:28 of 1st period - Shot Misses the Net.
10:32 of 1st period - Shot by Dave Bolland.
10:32 of 1st period - Shot Blocked by Darroll Powe.
10:36 of 1st period - Shot by Dave Bolland.
10:36 of 1st period - Shot Misses the Net.
10:38 of 1st period - Shot by Patrik Berglund.
10:38 of 1st period - Stopped by Martin Brodeur without a rebound.
10:39 of 1st period - Patrik Berglund wins face-off versus Eric Staal in Hurricanes zone.
10:39 of 1st period - Ryan Smyth is hit by Ryan Wilson and loses puck.
10:56 of 1st period - Shot by Ryan Smyth.
10:56 of 1st period - Stopped by Martin Brodeur with a rebound.
11:00 of 1st period - Shot by Patrik Berglund.
11:00 of 1st period - Shot Misses the Net.
11:04 of 1st period - Shot by Ryan Smyth.
11:04 of 1st period - Stopped by Martin Brodeur without a rebound.
11:05 of 1st period - Dave Bolland wins face-off versus Pierre-Alexandre Parenteau in Hurricanes zone.
11:15 of 1st period - Jarome Iginla is hit by Ryan OByrne and loses puck.
11:27 of 1st period - Minor Penalty to Ryan OByrne for Hooking.
11:28 of 1st period - Eric Staal wins face-off versus Chris Drury in Panthers zone.
11:28 of 1st period - Ryan Wilson is hit by Anton Volchenkov and loses puck.
11:31 of 1st period - Shot by Patrick Eaves.
11:31 of 1st period - Deflect By Eric Staal.
11:31 of 1st period - Shot Misses the Net.
11:33 of 1st period - Shot by Jan Hejda.
11:33 of 1st period - Stopped by Semyon Varlamov without a rebound.
11:34 of 1st period - Patrik Elias wins face-off versus Chris Drury in Panthers zone.
11:52 of 1st period - Matt Cooke is hit by Anton Volchenkov and loses puck.
11:59 of 1st period - Shot by Jarome Iginla.
11:59 of 1st period - Stopped by Semyon Varlamov without a rebound.
12:00 of 1st period - Eric Staal wins face-off versus Chris Drury in Panthers zone.
12:01 of 1st period - Shot by Patrick Eaves.
12:01 of 1st period - Shot Misses the Net.
12:03 of 1st period - Shot by Eric Staal.
12:03 of 1st period - Stopped by Semyon Varlamov without a rebound.
12:04 of 1st period - Eric Staal wins face-off versus Chris Drury in Panthers zone.
13:05 of 1st period - Shot by Mike Weber.
13:05 of 1st period - Shot Misses the Net.
13:09 of 1st period - Shot by Jarome Iginla.
13:09 of 1st period - Shot Misses the Net.
13:11 of 1st period - Shot by Jarome Iginla.
13:11 of 1st period - Shot Blocked by Brandon McMillan.
13:13 of 1st period - Shot by Patrik Elias.
13:13 of 1st period - Shot Misses the Net.
13:15 of 1st period - Shot by Jarome Iginla.
13:15 of 1st period - Shot Misses the Net.
13:17 of 1st period - Shot by Patrik Elias.
13:17 of 1st period - Stopped by Semyon Varlamov without a rebound.
13:18 of 1st period - Matt Cooke wins face-off versus Andrew Brunette in Panthers zone.
13:42 of 1st period - Icing by Darroll Powe.
13:43 of 1st period - Dave Bolland wins face-off versus Darroll Powe in Hurricanes zone.
13:47 of 1st period - Icing by Matt Greene.
13:48 of 1st period - Darroll Powe wins face-off versus Patrik Berglund in Hurricanes zone.
13:48 of 1st period - Darroll Powe is hit by Patrik Berglund.
14:14 of 1st period - Icing by Mike Weber.
14:15 of 1st period - Dave Bolland wins face-off versus Patrik Elias in Hurricanes zone.
14:59 of 1st period - Icing by Mike Weber.
15:00 of 1st period - Patrik Elias wins face-off versus Patrik Berglund in Hurricanes zone.
15:15 of 1st period - Shot by Eric Staal.
15:15 of 1st period - Stopped by Semyon Varlamov without a rebound.
15:16 of 1st period - Eric Staal wins face-off versus Chris Drury in Panthers zone.
15:16 of 1st period - Eric Staal is hit by Ryan OByrne.
15:18 of 1st period - Shot by Joffrey Lupul.
15:18 of 1st period - Goal by Joffrey Lupul - Hurricanes : 3 - Panthers : 1.
15:19 of 1st period - Chris Drury wins face-off versus Eric Staal in neutral zone.
15:21 of 1st period - Off-side.
15:22 of 1st period - Eric Staal wins face-off versus Chris Drury in neutral zone.
15:39 of 1st period - Shot by Matt Cullen.
15:39 of 1st period - Stopped by Martin Brodeur with a rebound.
15:43 of 1st period - Shot by Chris Drury.
15:43 of 1st period - Goal by Chris Drury - Hurricanes : 3 - Panthers : 2.
15:44 of 1st period - Patrik Berglund wins face-off versus Darroll Powe in neutral zone.
16:01 of 1st period - Shot by Patrick Eaves.
16:01 of 1st period - Stopped by Semyon Varlamov with a rebound.
16:03 of 1st period - Shot by Darroll Powe.
16:03 of 1st period - Stopped by Semyon Varlamov without a rebound.
16:04 of 1st period - Eric Staal wins face-off versus Dave Bolland in Panthers zone.
16:10 of 1st period - Eric Staal is hit by Ryan OByrne and loses puck.
16:17 of 1st period - Shot by Sam Gagner.
16:17 of 1st period - Shot Misses the Net.
16:19 of 1st period - Shot by Dave Bolland.
16:19 of 1st period - Shot Misses the Net.
16:29 of 1st period - Shot by Sam Gagner.
16:29 of 1st period - Deflect By Dave Bolland.
16:29 of 1st period - Stopped by Martin Brodeur without a rebound.
16:29 of 1st period - Minor Penalty to Jan Hejda for Tripping.
16:30 of 1st period - Chris Drury wins face-off versus Darroll Powe in Hurricanes zone.
17:16 of 1st period - Shot by Jason Blake.
17:16 of 1st period - Shot Misses the Net.
17:18 of 1st period - Shot by Brandon McMillan.
17:18 of 1st period - Goal by Brandon McMillan - Hurricanes : 3 - Panthers : 3.
17:19 of 1st period - Eric Staal wins face-off versus Patrik Berglund in neutral zone.
17:41 of 1st period - Eric Staal is hit by Patrik Berglund.
18:37 of 1st period - Icing by Ryan OByrne.
18:38 of 1st period - Chris Drury wins face-off versus Pierre-Alexandre Parenteau in Panthers zone.
19:09 of 1st period - Shot by Ryan Wilson.
19:09 of 1st period - Shot Misses the Net.
19:11 of 1st period - Shot by Joffrey Lupul.
19:11 of 1st period - Shot Blocked by Jason Garrison.
19:13 of 1st period - Shot by Pierre-Alexandre Parenteau.
19:13 of 1st period - Shot Misses the Net.
19:15 of 1st period - Shot by Ryan Wilson.
19:15 of 1st period - Shot Misses the Net.

Period #2

0:01 of 2nd period - Patrik Berglund wins face-off versus Patrik Elias in neutral zone.
0:15 of 2nd period - Icing by Johnny Oduya.
0:16 of 2nd period - Dave Bolland wins face-off versus Patrik Elias in Hurricanes zone.
0:16 of 2nd period - Dave Bolland is hit by Mike Weber.
0:31 of 2nd period - Icing by Jonas Holos.
0:32 of 2nd period - Darroll Powe wins face-off versus Dave Bolland in Panthers zone.
0:39 of 2nd period - Shot by Matt Cooke.
0:39 of 2nd period - Shot Misses the Net.
1:01 of 2nd period - Shot by Matt Cooke.
1:01 of 2nd period - Shot Misses the Net.
1:06 of 2nd period - Minor Penalty to Patrick Eaves for Tripping.
1:07 of 2nd period - Chris Drury wins face-off versus Eric Staal in Hurricanes zone.
2:16 of 2nd period - Shot by Dave Bolland.
2:16 of 2nd period - Shot Blocked by Darroll Powe.
2:18 of 2nd period - Shot by Dave Bolland.
2:18 of 2nd period - Stopped by Martin Brodeur with a rebound.
2:20 of 2nd period - Shot by Dave Bolland.
2:20 of 2nd period - Stopped by Martin Brodeur without a rebound.
2:21 of 2nd period - Eric Staal wins face-off versus Chris Drury in Hurricanes zone.
2:37 of 2nd period - Shot by Brandon McMillan.
2:37 of 2nd period - Stopped by Martin Brodeur with a rebound.
2:41 of 2nd period - Shot by Chris Drury.
2:41 of 2nd period - Shot Misses the Net.
2:43 of 2nd period - Shot by Brandon McMillan.
2:43 of 2nd period - Shot Blocked by Mike Weber.
2:45 of 2nd period - Shot by Jason Blake.
2:45 of 2nd period - Stopped by Martin Brodeur without a rebound.
2:46 of 2nd period - Darroll Powe wins face-off versus Daniel Alfredsson in Hurricanes zone.
2:46 of 2nd period - Darroll Powe is hit by Daniel Alfredsson.
2:56 of 2nd period - Shot by Jason Garrison.
2:56 of 2nd period - Shot Blocked by Johnny Oduya.
2:58 of 2nd period - Shot by Andrew Brunette.
2:58 of 2nd period - Shot Misses the Net.
3:00 of 2nd period - Shot by Matt Cullen.
3:00 of 2nd period - Shot Misses the Net.
3:02 of 2nd period - Shot by Daniel Alfredsson.
3:02 of 2nd period - Goal by Daniel Alfredsson - Hurricanes : 3 - Panthers : 4.
3:03 of 2nd period - Patrik Berglund wins face-off versus Joffrey Lupul in neutral zone.
3:12 of 2nd period - Shot by Ryan Smyth.
3:12 of 2nd period - Stopped by Martin Brodeur without a rebound.
3:12 of 2nd period - Minor Penalty to Ryan Wilson for Tripping.
3:13 of 2nd period - Eric Staal wins face-off versus Chris Drury in Hurricanes zone.
4:05 of 2nd period - Jason Garrison is hit by Ruslan Fedotenko.
4:40 of 2nd period - Icing by Ryan OByrne.
4:41 of 2nd period - Darroll Powe wins face-off versus Dave Bolland in Panthers zone.
5:30 of 2nd period - Shot by Ryan Smyth.
5:30 of 2nd period - Stopped by Martin Brodeur with a rebound.
5:32 of 2nd period - Shot by Patrik Berglund.
5:32 of 2nd period - Shot Misses the Net.
5:36 of 2nd period - Shot by Patrik Berglund.
5:36 of 2nd period - Shot Misses the Net.
5:38 of 2nd period - Shot by Patrik Berglund.
5:38 of 2nd period - Shot Misses the Net.
5:40 of 2nd period - Shot by Patrik Berglund.
5:40 of 2nd period - Stopped by Martin Brodeur without a rebound.
5:41 of 2nd period - Chris Drury wins face-off versus Pierre-Alexandre Parenteau in Hurricanes zone.
5:42 of 2nd period - Shot by Matt Cullen.
5:42 of 2nd period - Stopped by Martin Brodeur with a rebound.
5:44 of 2nd period - Shot by Chris Drury.
5:44 of 2nd period - Shot Misses the Net.
5:54 of 2nd period - Shot by Pierre-Alexandre Parenteau.
5:54 of 2nd period - Stopped by Semyon Varlamov without a rebound.
5:55 of 2nd period - Andrew Brunette wins face-off versus Patrik Elias in Panthers zone.
6:07 of 2nd period - Shot by Sam Gagner.
6:07 of 2nd period - Stopped by Martin Brodeur without a rebound.
6:08 of 2nd period - Darroll Powe wins face-off versus Chris Drury in Hurricanes zone.
6:18 of 2nd period - Shot by Matt Greene.
6:18 of 2nd period - Stopped by Semyon Varlamov without a rebound.
6:19 of 2nd period - Eric Staal wins face-off versus Patrik Berglund in Panthers zone.
6:28 of 2nd period - Shot by Eric Staal.
6:28 of 2nd period - Deflect By Joffrey Lupul.
6:28 of 2nd period - Stopped by Semyon Varlamov without a rebound.
6:29 of 2nd period - Patrik Elias wins face-off versus Dave Bolland in Panthers zone.
6:54 of 2nd period - Shot by Dave Bolland.
6:54 of 2nd period - Shot Misses the Net.
7:02 of 2nd period - Shot by Jarome Iginla.
7:02 of 2nd period - Shot Misses the Net.
9:34 of 2nd period - Jason Garrison is hit by Matt Cooke and loses puck.
9:41 of 2nd period - Minor Penalty to Jason Blake for Cross-checking.
9:41 of 2nd period - Minor Penalty to Matt Cooke for Hooking.
9:42 of 2nd period - Brandon McMillan wins face-off versus Patrik Elias in neutral zone.
9:54 of 2nd period - Shot by Andrew Brunette.
9:54 of 2nd period - Stopped by Martin Brodeur without a rebound.
9:55 of 2nd period - Jarome Iginla wins face-off versus Brandon McMillan in Hurricanes zone.
10:04 of 2nd period - Shot by Jarome Iginla.
10:04 of 2nd period - Stopped by Semyon Varlamov without a rebound.
10:05 of 2nd period - Darroll Powe wins face-off versus Andrew Brunette in Panthers zone.
10:18 of 2nd period - Shot by Brandon McMillan.
10:18 of 2nd period - Shot Misses the Net.
11:07 of 2nd period - Icing by Jarome Iginla.
11:08 of 2nd period - Dave Bolland wins face-off versus Jarome Iginla in Hurricanes zone.
12:50 of 2nd period - Shot by Lee Stempniak.
12:50 of 2nd period - Shot Misses the Net.
13:06 of 2nd period - Ryan OByrne is hit by Jarome Iginla and loses puck.
13:23 of 2nd period - Shot by Patrick Eaves.
13:23 of 2nd period - Shot Misses the Net.
13:25 of 2nd period - Shot by Johnny Oduya.
13:25 of 2nd period - Shot Misses the Net.
13:29 of 2nd period - Shot by Darroll Powe.
13:29 of 2nd period - Shot Blocked by Dave Bolland.
13:33 of 2nd period - Shot by Darroll Powe.
13:33 of 2nd period - Shot Misses the Net.
13:37 of 2nd period - Shot by Patrick Eaves.
13:37 of 2nd period - Stopped by Semyon Varlamov without a rebound.
13:38 of 2nd period - Brandon McMillan wins face-off versus Eric Staal in Panthers zone.
13:55 of 2nd period - Shot by Colby Armstrong.
13:55 of 2nd period - Stopped by Semyon Varlamov without a rebound.
13:56 of 2nd period - Lee Stempniak wins face-off versus Colby Armstrong in Panthers zone.
14:06 of 2nd period - Jonas Holos is hit by Matt Cooke and loses puck.
15:11 of 2nd period - Shot by Daniel Alfredsson.
15:11 of 2nd period - Stopped by Martin Brodeur without a rebound.
15:12 of 2nd period - Jarome Iginla wins face-off versus Dave Bolland in Hurricanes zone.
15:12 of 2nd period - Jarome Iginla is hit by Andrew Brunette.
16:15 of 2nd period - Shot by Patrik Berglund.
16:15 of 2nd period - Stopped by Martin Brodeur without a rebound.
16:16 of 2nd period - Darroll Powe wins face-off versus Brandon McMillan in Hurricanes zone.
16:20 of 2nd period - Matt Cooke is hit by Andy Greene and loses puck.
16:25 of 2nd period - Shot by Johnny Oduya.
16:25 of 2nd period - Shot Blocked by Dave Bolland.
16:27 of 2nd period - Shot by Patrick Eaves.
16:27 of 2nd period - Shot Misses the Net.
16:31 of 2nd period - Shot by Patrick Eaves.
16:31 of 2nd period - Shot Misses the Net.
16:35 of 2nd period - Shot by Johnny Oduya.
16:35 of 2nd period - Shot Misses the Net.
16:39 of 2nd period - Shot by Patrick Eaves.
16:39 of 2nd period - Deflect By Matt Cooke.
16:39 of 2nd period - Shot Blocked by Ryan Smyth.
16:43 of 2nd period - Shot by Matt Cooke.
16:43 of 2nd period - Stopped by Semyon Varlamov without a rebound.
16:44 of 2nd period - Eric Staal wins face-off versus Chris Drury in Panthers zone.
17:04 of 2nd period - Shot by Colby Armstrong.
17:04 of 2nd period - Stopped by Semyon Varlamov with a rebound.
17:08 of 2nd period - Shot by Colby Armstrong.
17:08 of 2nd period - Shot Misses the Net.
17:10 of 2nd period - Shot by Ryan Wilson.
17:10 of 2nd period - Shot Misses the Net.
17:12 of 2nd period - Shot by Colby Armstrong.
17:12 of 2nd period - Shot Misses the Net.
17:14 of 2nd period - Shot by Pierre-Alexandre Parenteau.
17:14 of 2nd period - Shot Misses the Net.
17:48 of 2nd period - Shot by Darroll Powe.
17:48 of 2nd period - Shot Misses the Net.
17:50 of 2nd period - Shot by Johnny Oduya.
17:50 of 2nd period - Stopped by Semyon Varlamov without a rebound.
17:51 of 2nd period - Darroll Powe wins face-off versus Daniel Alfredsson in Panthers zone.
17:51 of 2nd period - Darroll Powe is hit by Jason Garrison.
17:53 of 2nd period - Shot by Matt Cooke.
17:53 of 2nd period - Stopped by Semyon Varlamov without a rebound.
17:54 of 2nd period - Patrik Berglund wins face-off versus Jarome Iginla in Panthers zone.
18:20 of 2nd period - Shot by Jarome Iginla.
18:20 of 2nd period - Shot Misses the Net.
19:11 of 2nd period - Shot by Dave Bolland.
19:11 of 2nd period - Stopped by Martin Brodeur with a rebound.
19:13 of 2nd period - Shot by Dave Bolland.
19:13 of 2nd period - Stopped by Martin Brodeur with a rebound.
19:15 of 2nd period - Shot by Brandon McMillan.
19:15 of 2nd period - Stopped by Martin Brodeur with a rebound.
19:17 of 2nd period - Shot by Sam Gagner.
19:17 of 2nd period - Goal by Sam Gagner - Hurricanes : 3 - Panthers : 5.
19:18 of 2nd period - Patrik Berglund wins face-off versus Darroll Powe in neutral zone.
19:18 of 2nd period - Jason Garrison is hit by Darroll Powe and loses puck.
19:24 of 2nd period - Jason Garrison is hit by Matt Greene.

Period #3

0:01 of 3rd period - Patrik Elias wins face-off versus Patrik Berglund in neutral zone.
0:14 of 3rd period - Shot by Jarome Iginla.
0:14 of 3rd period - Shot Blocked by Anton Volchenkov.
0:16 of 3rd period - Shot by Jarome Iginla.
0:16 of 3rd period - Deflect By Patrik Elias.
0:16 of 3rd period - Shot Blocked by Jason Garrison.
0:18 of 3rd period - Shot by Mike Weber.
0:18 of 3rd period - Stopped by Semyon Varlamov without a rebound.
0:19 of 3rd period - Matt Cooke wins face-off versus Andrew Brunette in Panthers zone.
0:26 of 3rd period - Shot by Matt Cooke.
0:26 of 3rd period - Shot Misses the Net.
0:30 of 3rd period - Shot by Matt Cooke.
0:30 of 3rd period - Stopped by Semyon Varlamov without a rebound.
0:31 of 3rd period - Eric Staal wins face-off versus Chris Drury in Panthers zone.
0:57 of 3rd period - Matt Cullen is hit by Ryan Wilson and loses puck.
1:09 of 3rd period - Icing by Ryan OByrne.
1:10 of 3rd period - Chris Drury wins face-off versus Pierre-Alexandre Parenteau in Panthers zone.
1:10 of 3rd period - Chris Drury is hit by Pierre-Alexandre Parenteau.
1:37 of 3rd period - Shot by Patrik Elias.
1:37 of 3rd period - Stopped by Semyon Varlamov without a rebound.
1:38 of 3rd period - Darroll Powe wins face-off versus Patrik Berglund in Panthers zone.
1:48 of 3rd period - Matt Cooke is hit by Anton Volchenkov and loses puck.
2:04 of 3rd period - Darroll Powe is hit by Anton Volchenkov and loses puck.
2:08 of 3rd period - Patrick Eaves is hit by Anton Volchenkov and loses puck.
2:30 of 3rd period - Icing by Jason Garrison.
2:31 of 3rd period - Patrik Berglund wins face-off versus Patrik Elias in Panthers zone.
3:14 of 3rd period - Shot by Dave Bolland.
3:14 of 3rd period - Shot Misses the Net.
3:55 of 3rd period - Off-side.
3:56 of 3rd period - Patrik Berglund wins face-off versus Matt Cooke in neutral zone.
4:53 of 3rd period - Shot by Lee Stempniak.
4:53 of 3rd period - Stopped by Martin Brodeur with a rebound.
4:55 of 3rd period - Shot by Matt Cullen.
4:55 of 3rd period - Shot Misses the Net.
4:59 of 3rd period - Shot by Chris Drury.
4:59 of 3rd period - Shot Blocked by Ryan Wilson.
5:01 of 3rd period - Shot by Brandon McMillan.
5:01 of 3rd period - Stopped by Martin Brodeur without a rebound.
5:02 of 3rd period - Chris Drury wins face-off versus Patrik Elias in Hurricanes zone.
5:05 of 3rd period - Shot by Dave Bolland.
5:05 of 3rd period - Shot Blocked by Pierre-Alexandre Parenteau.
5:13 of 3rd period - Minor Penalty to Dave Bolland for Hooking.
5:14 of 3rd period - Eric Staal wins face-off versus Chris Drury in Panthers zone.
5:26 of 3rd period - Off-side.
5:27 of 3rd period - Chris Drury wins face-off versus Patrik Elias in neutral zone.
5:49 of 3rd period - Shot by Mike Weber.
5:49 of 3rd period - Shot Misses the Net.
5:51 of 3rd period - Shot by Matt Cooke.
5:51 of 3rd period - Deflect By Jarome Iginla.
5:51 of 3rd period - Stopped by Semyon Varlamov without a rebound.
5:52 of 3rd period - Eric Staal wins face-off versus Chris Drury in Panthers zone.
6:03 of 3rd period - Shot by Pierre-Alexandre Parenteau.
6:03 of 3rd period - Shot Misses the Net.
6:07 of 3rd period - Shot by Patrick Eaves.
6:07 of 3rd period - Shot Misses the Net.
6:09 of 3rd period - Shot by Ryan Wilson.
6:09 of 3rd period - Goal by Ryan Wilson - Hurricanes : 4 - Panthers : 5.
6:10 of 3rd period - Eric Staal wins face-off versus Ryan Smyth in neutral zone.
6:23 of 3rd period - Shot by Daniel Alfredsson.
6:23 of 3rd period - Stopped by Martin Brodeur without a rebound.
6:24 of 3rd period - Patrik Elias wins face-off versus Dave Bolland in Hurricanes zone.
6:24 of 3rd period - Patrik Elias is hit by Dave Bolland.
6:34 of 3rd period - Shot by Jarome Iginla.
6:34 of 3rd period - Shot Misses the Net.
6:42 of 3rd period - Jarome Iginla is hit by Andrew Brunette and loses puck.
7:02 of 3rd period - Minor Penalty to Ryan OByrne for Roughing.
7:03 of 3rd period - Chris Drury wins face-off versus Eric Staal in Panthers zone.
7:03 of 3rd period - Chris Drury is hit by Patrick Eaves.
7:22 of 3rd period - Shot by Brandon McMillan.
7:22 of 3rd period - Shot Misses the Net.
7:25 of 3rd period - Brandon McMillan is hit by Ryan Wilson and loses puck.
7:31 of 3rd period - Shot by Brandon McMillan.
7:31 of 3rd period - Shot Misses the Net.
7:33 of 3rd period - Shot by Chris Drury.
7:33 of 3rd period - Stopped by Martin Brodeur with a rebound.
8:07 of 3rd period - Shot by Matt Cooke.
8:07 of 3rd period - Stopped by Semyon Varlamov without a rebound.
8:08 of 3rd period - Chris Drury wins face-off versus Patrik Elias in Panthers zone.
9:54 of 3rd period - Shot by Eric Staal.
9:54 of 3rd period - Shot Misses the Net.
9:56 of 3rd period - Shot by Jan Hejda.
9:56 of 3rd period - Stopped by Semyon Varlamov without a rebound.
9:57 of 3rd period - Chris Drury wins face-off versus Patrik Elias in Panthers zone.
11:14 of 3rd period - Icing by Andy Greene.
11:15 of 3rd period - Darroll Powe wins face-off versus Dave Bolland in Panthers zone.
11:20 of 3rd period - Shot by Matt Cooke.
11:20 of 3rd period - Shot Misses the Net.
11:38 of 3rd period - Off-side.
11:39 of 3rd period - Patrik Elias wins face-off versus Ryan Smyth in neutral zone.
11:44 of 3rd period - Shot by Jarome Iginla.
11:44 of 3rd period - Stopped by Semyon Varlamov without a rebound.
11:45 of 3rd period - Patrik Elias wins face-off versus Patrik Berglund in Panthers zone.
13:14 of 3rd period - Shot by Joffrey Lupul.
13:14 of 3rd period - Stopped by Semyon Varlamov without a rebound.
13:15 of 3rd period - Chris Drury wins face-off versus Patrik Elias in Panthers zone.
13:24 of 3rd period - Shot by Matt Cullen.
13:24 of 3rd period - Stopped by Martin Brodeur with a rebound.
13:58 of 3rd period - Ryan Wilson is hit by Lee Stempniak and loses puck.
14:39 of 3rd period - Lee Stempniak is hit by Matt Cooke and loses puck.
14:50 of 3rd period - Shot by Patrick Eaves.
14:50 of 3rd period - Shot Blocked by Andy Greene.
14:52 of 3rd period - Shot by Patrick Eaves.
14:52 of 3rd period - Goal by Patrick Eaves - Hurricanes : 5 - Panthers : 5.
14:53 of 3rd period - Patrik Elias wins face-off versus Dave Bolland in neutral zone.
15:34 of 3rd period - Mike Lundin is hit by Andrew Brunette and loses puck.
16:07 of 3rd period - Shot by Ryan Smyth.
16:07 of 3rd period - Deflect By Jason Blake.
16:07 of 3rd period - Stopped by Martin Brodeur without a rebound.
16:08 of 3rd period - Eric Staal wins face-off versus Dave Bolland in Hurricanes zone.
16:20 of 3rd period - Icing by Joffrey Lupul.
16:21 of 3rd period - Dave Bolland wins face-off versus Eric Staal in Hurricanes zone.
17:22 of 3rd period - Patrik Berglund is hit by Mike Weber and loses puck.
17:36 of 3rd period - Daniel Alfredsson is hit by Mike Weber and loses puck.
17:41 of 3rd period - Shot by Patrik Berglund.
17:41 of 3rd period - Shot Misses the Net.
17:58 of 3rd period - Minor Penalty to Matt Cooke for High sticking.
17:59 of 3rd period - Darroll Powe wins face-off versus Chris Drury in Hurricanes zone.
19:32 of 3rd period - Shot by Jason Garrison.
19:32 of 3rd period - Shot Blocked by Matt Greene.
19:32 of 3rd period - Matt Greene from Hurricanes is injured at 19:32 of 3rd period (Sprained Right Ankle).
19:33 of 3rd period - Chris Drury wins face-off versus Darroll Powe in Hurricanes zone.
19:52 of 3rd period - Jan Hejda is hit by Jason Blake and loses puck.

Overtime #1

0:01 of 1st overtime period - Chris Drury wins face-off versus Jarome Iginla in neutral zone.
0:06 of 1st overtime period - Shot by Jonas Holos.
0:06 of 1st overtime period - Shot Misses the Net.
0:16 of 1st overtime period - Shot by Jarome Iginla.
0:16 of 1st overtime period - Stopped by Semyon Varlamov without a rebound.
0:17 of 1st overtime period - Darroll Powe wins face-off versus Chris Drury in Panthers zone.
0:34 of 1st overtime period - Chris Drury is hit by Darroll Powe.
0:38 of 1st overtime period - Chris Drury is hit by Darroll Powe and loses puck.
0:43 of 1st overtime period - Shot by Patrik Elias.
0:43 of 1st overtime period - Stopped by Semyon Varlamov without a rebound.
0:44 of 1st overtime period - Jarome Iginla wins face-off versus Chris Drury in Panthers zone.
0:48 of 1st overtime period - Icing by Jonas Holos.
0:49 of 1st overtime period - Jarome Iginla wins face-off versus Chris Drury in Panthers zone.
1:03 of 1st overtime period - Shot by Jarome Iginla.
1:03 of 1st overtime period - Stopped by Semyon Varlamov without a rebound.
1:04 of 1st overtime period - Jarome Iginla wins face-off versus Jason Blake in Panthers zone.
1:07 of 1st overtime period - Shot by Eric Staal.
1:07 of 1st overtime period - Deflect By Jarome Iginla.
1:07 of 1st overtime period - Stopped by Semyon Varlamov without a rebound.
1:08 of 1st overtime period - Darroll Powe wins face-off versus Jason Blake in Panthers zone.
2:11 of 1st overtime period - Shot by Jarome Iginla.
2:11 of 1st overtime period - Stopped by Semyon Varlamov with a rebound.
2:13 of 1st overtime period - Shot by Jan Hejda.
2:13 of 1st overtime period - Deflect By Jarome Iginla.
2:13 of 1st overtime period - Stopped by Semyon Varlamov without a rebound.
2:14 of 1st overtime period - Jarome Iginla wins face-off versus Sam Gagner in Panthers zone.
2:55 of 1st overtime period - Shot by Andrew Brunette.
2:55 of 1st overtime period - Deflect By Chris Drury.
2:55 of 1st overtime period - Stopped by Martin Brodeur with a rebound.
2:57 of 1st overtime period - Shot by Chris Drury.
2:57 of 1st overtime period - Shot Misses the Net.
3:01 of 1st overtime period - Shot by Andrew Brunette.
3:01 of 1st overtime period - Shot Misses the Net.
3:03 of 1st overtime period - Shot by Andrew Brunette.
3:03 of 1st overtime period - Stopped by Martin Brodeur without a rebound.
3:04 of 1st overtime period - Jason Blake wins face-off versus Darroll Powe in Hurricanes zone.
3:55 of 1st overtime period - Shot by Eric Staal.
3:55 of 1st overtime period - Stopped by Semyon Varlamov without a rebound.
3:56 of 1st overtime period - Jarome Iginla wins face-off versus Chris Drury in Panthers zone.
4:11 of 1st overtime period - Shot by Pierre-Alexandre Parenteau.
4:11 of 1st overtime period - Shot Misses the Net.
4:13 of 1st overtime period - Shot by Pierre-Alexandre Parenteau.
4:13 of 1st overtime period - Shot Blocked by Jonas Holos.
4:17 of 1st overtime period - Shot by Jarome Iginla.
4:17 of 1st overtime period - Shot Misses the Net.
4:21 of 1st overtime period - Shot by Jarome Iginla.
4:21 of 1st overtime period - Shot Misses the Net.
4:23 of 1st overtime period - Shot by Eric Staal.
4:23 of 1st overtime period - Stopped by Semyon Varlamov without a rebound.
4:24 of 1st overtime period - Sam Gagner wins face-off versus Darroll Powe in Panthers zone.
4:47 of 1st overtime period - Shot by Brandon McMillan.
4:47 of 1st overtime period - Shot Misses the Net.
4:51 of 1st overtime period - Shot by Brandon McMillan.
4:51 of 1st overtime period - Stopped by Martin Brodeur without a rebound.
4:52 of 1st overtime period - Chris Drury wins face-off versus Pierre-Alexandre Parenteau in Hurricanes zone.

ShootOut

ShootOut - Penalty Shot by Jarome Iginla for Hurricanes.
ShootOut - Goal by Jarome Iginla.
ShootOut - Penalty Shot by Chris Drury for Panthers.
ShootOut - Stopped by Martin Brodeur.
ShootOut - Penalty Shot by Eric Staal for Hurricanes.
ShootOut - Stopped by Semyon Varlamov.
ShootOut - Penalty Shot by Jason Blake for Panthers.
ShootOut - Stopped by Martin Brodeur.
ShootOut - Penalty Shot by Patrik Elias for Hurricanes.
ShootOut - Stopped by Semyon Varlamov.
ShootOut - Penalty Shot by Brandon McMillan for Panthers.
ShootOut - Stopped by Martin Brodeur.


Output by the SimonT Hockey Simulator (STHS) for Stephane Roy -- Original Page W3C XHTML 1.0 Valid